 Dungeon Crawl Stone Soup version 0.23-a0-821-gecd3555 (webtiles) character file.

62 robertstho the Grave Robber (level 3, -1/24 HPs)
             Began as a Mummy Necromancer on Jan 22, 2019.
             Slain by Natasha (9 damage)
             ... on level 2 of the Dungeon.
             The game lasted 00:05:53 (1601 turns).

robertstho the Grave Robber (Mummy Necromancer)     Turns: 1601, Time: 00:05:54

Health: -1/24      AC:  3    Str: 11    XL:     3   Next: 85%
Magic:  2/7        EV: 12    Int: 15    God:
Gold:   80         SH:  0    Dex: 12    Spells: 3/8 levels left

rFire    x . .     SeeInvis .   c - +0 dagger
rCold    + . .     Gourm    .   (no shield)
rNeg     + + +     Faith    .   a - +0 robe
rPois    ∞         Spirit   .   (no helmet)
rElec    .         Reflect  .   (no cloak)
rCorr    .         Harm     .   (no gloves)
MR       .....                  e - +0 pair of boots
Stlth    ++........             (no amulet)
HPRegen  0.08/turn              (no ring)
MPRegen  0.10/turn              (no ring)

@: no status effects
A: no food or potions, fire vulnerability, cold resistance 1, negative energy
resistance 3, torment resistance, unbreathing
a: no special abilities


You were on level 2 of the Dungeon.
You were not hungry.

You visited 1 branch of the dungeon, and saw 2 of its levels.

You collected 80 gold pieces.

Inventory:

Hand Weapons
 c - a +0 dagger (weapon)
Missiles
 b - 11 poisoned needles
 d - 46 stones (quivered)
Armour
 a - a +0 robe (worn)
 e - a +0 pair of boots (worn)
Scrolls
 f - 3 scrolls of random uselessness {unknown}
 g - a scroll of enchant weapon


   Skills:
 + Level 1.6 Dodging
 * Level 2.1 Stealth
 + Level 3.4 Spellcasting
 * Level 4.9 Necromancy


You had 3 spell levels left.
You knew the following spells:

 Your Spells              Type           Power        Failure   Level  Hunger
a - Pain                  Necr           ###.         2%          1    N/A
b - Animate Skeleton      Necr           N/A          2%          1    N/A
c - Vampiric Draining     Necr           ###.......   8%          3    N/A

Your spell library contained the following spells:

 Spells                   Type           Power        Failure   Level  Hunger
 Animate Dead             Necr           N/A          26%         4    N/A
 Regeneration             Chrm/Necr      Unusable     N/A         3    N/A

Dungeon Overview and Level Annotations

Branches:
Dungeon (2/15)

Altars:
Gozag

Annotations:
D:2 Natasha


Innate Abilities, Weirdness & Mutations

You do not eat or drink.
Your flesh is vulnerable to fire.
You are immune to poison.
Your flesh is cold resistant. (rC+)
You are immune to negative energy. (rN+++)
You are immune to unholy pain and torment.
You can survive without breathing.


Message History

Natasha is almost dead.
Natasha casts a spell at you. The magic dart hits you.
Your kobold skeleton barely misses Natasha.
Casting: Pain (safe; 2% risk of failure)
Confirm with . or Enter, or press ? or * to list all spells.
Aiming: Pain (safe; 2% risk of failure)
Press: ? - help, Shift-Dir - straight line, f/p - Natasha
Aim: Natasha, carrying a wand of random effects (15) (almost dead, chance to defeat MR: 76%) Natasha barely resists.
Natasha casts a spell.
Casting: Pain (safe; 2% risk of failure)
Confirm with . or Enter, or press ? or * to list all spells.
Aiming: Pain (safe; 2% risk of failure)
Press: ? - help, Shift-Dir - straight line, f/p - Natasha
Aim: Natasha, carrying a wand of random effects (15) (almost dead, chance to defeat MR: 76%) Natasha barely resists.
Your kobold skeleton closely misses Natasha.
Natasha claws you!
You die...

#
#.......Z.##.#############
# #####Z######.# # #.# #.#
#######Z# #.# ......!Z#
#.# ######### ## #.#
##.##.# #.#.#.######
#.)%5h@5..#
.......##Z####.#
##.##.Z..... ##.###.## ...
#. .8.. .. .... .## .._


You could see Natasha, 2 white imps and a friendly kobold skeleton.

Vanquished Creatures
  Natasha (D:2)
  A worm (D:2)
  2 leopard geckos (D:1)
  2 giant cockroaches (D:1)
  5 goblins
  2 hobgoblins
  2 jackals (D:1)
  A ball python (D:1)
  3 bats (D:1)
  A frilled lizard (D:2)
  4 kobolds
  4 rats
28 creatures vanquished.

Vanquished Creatures (collateral kills)
  2 dart slugs (D:1)
  3 goblins (D:1)
  A bat (D:1)
6 creatures vanquished.

Grand Total: 34 creatures vanquished

Notes
Turn   | Place    | Note
-------+----------+-------------------------------------------
     0 | D:1      | robertstho the Mummy Necromancer began the quest for the
                  | Orb.
     0 | D:1      | Reached XP level 1. HP: 13/13 MP: 4/4
   195 | D:1      | Reached XP level 2. HP: 2/19 MP: 0/5
   471 | D:1      | Learned a level 1 spell: Animate Skeleton
  1109 | D:2      | Reached XP level 3. HP: 24/24 MP: 3/7
  1119 | D:2      | Learned a level 3 spell: Vampiric Draining
  1238 | D:2      | Noticed Natasha
  1242 | D:2      | Killed Natasha
  1581 | D:2      | Found an opulent altar of Gozag.
  1581 | D:2      | Noticed Natasha
  1601 | D:2      | Slain by Natasha

Vault maps used:
D:1:      matt_arrival_refuge
D:2:      nicolae_tso_swordbearing_angel, grunt_gozag_statues, uniq_natasha

Skill      XL: |  1  2 |
---------------+-------+-----
Spellcasting   | 3 |  3.4
Stealth        | 2 |  2.1
Dodging        | |  1.6
Necromancy     | |  4.9

Action                   || total
-------------------------++-------
Melee: Dagger            ||    13
 Cast: Pain              ||    64
       Animate Skeleton  ||    12
  Use: Scroll            ||     2
Armor: Robe              ||     6
Dodge: Dodged            ||    28

Table legend:
 A = Non-vault XP
 B = Vault XP
 C = Vault XP percentage of total XP
 D = Non-vault monster count
 E = Vault monster count
 F = Vault count percentage of total count
                 A         B        C        D         E       F
            +---------+---------+-------+---------+---------+-------
      Total |      54 |      35 |  39.3 |      33 |       1 |   2.9
            +---------+---------+-------+---------+---------+-------
        D:1 |      40 |       0 |   0.0 |      24 |       0 |   0.0
        D:2 |      14 |      35 |  71.4 |       9 |       1 |  10.0
            +---------+---------+-------+---------+---------+-------
